 Dungeon Crawl Stone Soup version 0.30-a0-694-g3340775977 (webtiles) character file.

Game seed: 14890542599580777886

567 M4edhros the Charlatan (level 7, -3/45 HPs)
             Began as an Octopode Wanderer on Jan 20, 2023.
             Was a Believer of Zin.
             Slain by Menkaure (17 damage)
             ... on level 5 of the Dungeon.
             The game lasted 00:05:24 (2131 turns).

M4edhros the Charlatan (Octopode Wanderer)          Turns: 2131, Time: 00:05:25

Health: -3/45      AC:  1    Str:  8    XL:     7   Next: 33%
Magic:  11/11      EV: 15    Int: 14    God:    Zin [**....]
Gold:   129        SH:  0    Dex: 17    Spells: 7/11 levels left

rFire   . . .      SeeInvis .    a - +0 dagger
rCold   . . .      Faith    .    (no shield)
rNeg    . . .      Spirit   .    b - +0 hat
rPois   .          Reflect  .    (no amulet)
rElec   .          Harm     .    r - ring of wizardry
rCorr   .          Rampage  .    (no ring)
Will    .....                    (no ring)
Stlth   +++                      (no ring)
HPRegen 0.27/turn                (no ring)
MPRegen 0.12/turn                (no ring)
                                 (no ring)
                                 (no ring)

@: no status effects
A: almost no armour, amphibious, 8 rings, camouflage 1, gelatinous body 1,
(nimble swimmer 1), tentacles
a: Renounce Religion, Recite, Vitalisation, Donate Gold


You were on level 5 of the Dungeon.
You worshipped Zin.
Zin was pleased with you.
You visited 1 branch of the dungeon, and saw 5 of its levels.

You collected 143 gold pieces.
You donated 14 gold pieces to Zin.

Inventory:

Hand Weapons
 a - a +0 dagger (weapon)
 k - a +2 rapier of draining
Missiles
 p - 4 poisoned darts
Armour
 b - a +0 hat (worn)
Jewellery
 j - a ring of willpower
 r - a ring of wizardry (left tentacle)
Scrolls
 d - a scroll of vulnerability {unknown}
 g - a scroll of fog {unknown}
 i - a scroll of magic mapping
 m - a scroll of teleportation {unknown}
 n - a scroll of butterflies {unknown}
 o - a scroll of brand weapon {unknown}
 q - a scroll of acquirement {unknown}
Potions
 c - 2 potions of curing
 e - 2 potions of attraction {unknown}
 f - 2 potions of haste {unknown}
 h - a potion of heal wounds {unknown}
 l - a potion of magic {unknown}


   Skills:
 + Level 2.8 Fighting
 * Level 4.1 Dodging
 - Level 2.6 Stealth
 + Level 2.8 Spellcasting
 * Level 4.3 Ice Magic
 - Level 2.0 Invocations
 - Level 4.3 Evocations


You had 7 spell levels left.
You knew the following spells:

 Your Spells              Type           Power      Damage    Failure   Level
a - Freeze                Ice            56%        1d7       1%          1
b - Hailstorm             Conj/Ice       8%         3d4       11%         3

Your spell library contained the following spells:

 Spells                   Type           Power      Damage    Failure   Level
 Cigotuvi's Dreadful Rot  Necr/Pois/Air  2%         N/A       13%         2
 Dispel Undead            Necr           1%         3d6       61%         4
 Death Channel            Necr           0%         N/A       100%        6


Dungeon Overview and Level Annotations

Branches:
Dungeon (5/15)
 Temple: D:4-7

Altars:
Okawaru
Zin

Annotations:
D:5 Menkaure


Innate Abilities, Weirdness & Mutations

You cannot wear most types of armour.
You are amphibious.
You can wear up to eight rings at the same time.
Your skin changes colour to match your surroundings (Stealth+).
Your rubbery body absorbs attacks. (AC +1, EV +1)
((You are camouflaged when in or above water. (Stealth+)))
You have tentacles for arms and can constrict up to eight enemies at once.


Message History

You constrict the gnoll. The gnoll hits you with a +0 flail!
You are too injured to fight recklessly!
You hit the gnoll but do no damage. You squeeze the gnoll.
The gnoll is heavily wounded.
You constrict the gnoll, but do no damage.
The gnoll hits you with a +0 flail!
You hit the gnoll.
The gnoll is severely wounded.
You constrict the gnoll, but do no damage.
The gnoll closely misses you.
You hit the gnoll but do no damage. You squeeze the gnoll.
You kill the gnoll!
Things that are here:
a +0 flail; a gnoll corpse You see here a +0 spear.
Key pressed, stopping explore.
Menkaure, Prince of Dust comes into view.
Menkaure is nearby!
Menkaure is nearby!
You aren't carrying any items that you can evoke.
Found a scroll labelled LIJOXZ ZIERA.
The helpless Menkaure fails to defend himself.
You puncture Menkaure! Your grab misses Menkaure. You squeeze Menkaure.
Menkaure is heavily damaged.
Menkaure closely misses you.
You hit Menkaure. You grab Menkaure. You squeeze Menkaure.
Menkaure is severely damaged.
You constrict Menkaure, but do no damage.
Menkaure calls on the powers of darkness!
Your body is wracked with pain!
You hit Menkaure.
Menkaure is almost destroyed.
You constrict Menkaure. Menkaure hits you!
* * * LOW HITPOINT WARNING * * *
You completely miss Menkaure.
You tentacle-slap Menkaure, but do no damage.
Menkaure is almost destroyed.
You constrict Menkaure, but do no damage.
Menkaure hits you!
You die...

.##..#.##..#.##..#.##.
#.....#
....##....##....##....
........
#.##.)#.##..#.##..#.## .
........
##.#..##.#..##.#..##.#..
...†##....##....##....#
.##.#..##.#..##.#..##.#.
.##..#.##..#.##..# ##..#
....##....##....##....#
#.##..#.##..#.##@M#
##.#..##.#..##.#..#
....##....## .##?. .##.#
.##. #. .##. .##..# ##..
##. ##..# ....## ..#
.... ...## #.##..
##..#.## ##.. #. .. ..##
..


You could see Menkaure.

Vanquished Creatures
  Eustachio (D:5)
  A necrophage (D:4)
  A scorpion (D:5)
  2 hounds (D:4)
  An orc priest (D:3)
  3 iguanas (D:4)
  An orc wizard (D:5)
  5 gnolls (D:5)
  4 adders
  2 worms
  A dart slug (D:2)
  7 orcs
  2 ball pythons
  A bat (D:3)
  3 endoplasms
  3 goblins
  A hobgoblin (D:4)
  3 jackals (D:3)
  2 kobolds (D:4)
  A quokka (D:5)
  A frilled lizard (D:3)
  4 rats
50 creatures vanquished.

Notes
Turn   | Place    | Note
-------+----------+-------------------------------------------
     0 | D:1      | M4edhros the Octopode Wanderer began the quest for the Orb.
     0 | D:1      | M4edhros set off with the following items: a +0 dagger, a
                  | +0 hat, a potion of curing, a wand of iceblast (3); and the
                  | following spell memorised: Freeze; and the following spells
                  | available to memorise: Hailstorm.
     0 | D:1      | Reached XP level 1. HP: 11/11 MP: 2/2
   406 | D:2      | Reached XP level 2. HP: 18/18 MP: 3/3
   472 | D:2      | Reached skill level 1 in Dodging
   522 | D:3      | Found a faded altar of an unknown god.
   552 | D:3      | Reached XP level 3. HP: 9/22 MP: 4/4
   569 | D:3      | Prayed at the altar of an unknown god.
   569 | D:3      | Became a worshipper of Zin the Law-Giver
   569 | D:3      | Reached * piety under Zin
   708 | D:3      | Reached skill level 1 in Fighting
   708 | D:3      | Reached XP level 4. HP: 6/28 MP: 6/6
   848 | D:3      | Reached ** piety under Zin
   941 | D:4      | Identified the +1 scale mail "Emeyrgh" {rN+ Str+4}
  1107 | D:4      | Reached XP level 5. HP: 17/34 MP: 7/7
  1114 | D:4      | Learned a level 3 spell: Hailstorm
  1457 | D:4      | Reached XP level 6. HP: 23/39 MP: 9/9
  1549 | D:5      | Entered Level 5 of the Dungeon
  1774 | D:5      | Found an iron altar of Okawaru.
  1791 | D:5      | Noticed Eustachio
  1820 | D:5      | Killed Eustachio
  1821 | D:5      | Reached XP level 7. HP: 23/45 MP: 10/10
  2118 | D:5      | Noticed Menkaure
  2131 | D:5      | Slain by Menkaure

Illustrated notes

Levels and vault maps discovered:
D:1:      saegor_arrival_miasma, layout_basic
D:2:      layout_basic, minmay_fractal_squares_gapless_5
D:3:      layout_loops_ring, hellmonk_ecumenical_altar_dog_temple,
          reono_crystal_passage
D:4:      layout_basic
D:5:      layout_cave_pools, okawaru_gym_becter, gammafunk_ghost_arena,
          nicolae_specific_store, minmay_misc_feat_cross, nicolae_eternal_life,
          uniq_eustachio, uniq_menkaure, uniq_crazy_yiuf_cottage

Skill      XL: |  1  2  3  4  5  6  7 |
---------------+----------------------+-----
Dodging        | 1 2 3 4 |  4.1
Fighting       | 1 2 |  2.8
Ice Magic      | 2 3 4 |  4.3
Spellcasting   | 2 |  2.8
Stealth        | |  2.6
Invocations    | |  2.0
Evocations     | |  4.3

Action                   |  1- 3 |  4- 6 |  7- 9 || total
-------------------------+-------+-------+-------++-------
Melee: Dagger            |    41 |   111 |    29 ||   181
       Tentacles         |     7 |    31 |     6 ||    44
       Constrict         |    10 |    18 |     7 ||    35
       Punch             |       |     2 |     3 ||     5
 Cast: Hailstorm         |       |       |     3 ||     3
Evoke: Wand              |     1 |     2 |       ||     3
  Use: Potion            |       |     4 |       ||     4
       Scroll            |       |     2 |       ||     2
 Stab: Sleeping          |     7 |     2 |     1 ||    10
       Invisible         |       |     2 |     1 ||     3
Armor: Skin              |     1 |     4 |       ||     5
Dodge: Dodged            |    23 |    92 |    17 ||   132

Table legend: (Time is in decaauts)
 A = Elapsed time spent in this place.
 B = Non-inter-level travel time spent in this place.
 C = Inter-level travel time spent in this place.
 D = Time resting spent in this place.
 E = Time spent auto-exploring this place.
 F = Levels seen in this place.
 G = Mean time per level.
                   A        B        C        D        E       F      G
               +--------+--------+--------+--------+--------+-----+--------+
         Total |   2130 |   1994 |    136 |    205 |   1075 |   5 |  426.0 |
       Dungeon |   2130 |   1994 |    136 |    205 |   1075 |   5 |  426.0 |
               +--------+--------+--------+--------+--------+-----+--------+

Top non-repeatable levels by time:
     D:4: 797 daAuts
     D:3: 437 daAuts
     D:5: 413 daAuts
     D:1: 271 daAuts
     D:2: 210 daAuts
